Map: Abyssal Reef LE

Players

Snute - Winner!

  • Race: Zerg Zerg
  • Spawn Location: 11:00

Kelazhur

  • Race: Terran Terran
  • Spawn Location: 5:00

Event: WCS Austin 2017

VOD

Have the link to the VOD?

Description

Time

  • Played on: April 29, 2017, 5:19 p.m.
  • Length: 28:20

All games in this series

Show
View Real Time Build Order
Export as new Build Order

Snute Zerg - Winner!

Build Orders: Hatch First 

Get SALT Encoding   

  12  0:00  Drone  
  13  0:12  Overlord  
  13  0:17  Drone  
  14  0:30  Drone x2  
  14  0:34  Drone  
  17  0:51  Hatchery  
  17  0:54  Drone  
  17  0:57  Drone  
  17  0:59  Extractor  
  17  1:13  Spawning Pool  
  17  1:16  Drone  
  17  1:20  Drone  
  18  1:27  Drone  
  19  1:38  Overlord  
  19  1:49  Drone  
  20  1:59  Queen  
  20  2:00  Metabolic Boost  
  22  2:02  Queen  
  22  2:05  Zergling x2  
  25  2:08  Zergling x2  
  25  2:11  Zergling x2  
  25  2:14  Drone  
  28  2:22  Overlord  
  28  2:24  Overlord  
  28  2:40  Drone x2  
  28  2:43  Drone, Queen  
  33  2:48  Drone  
  34  2:54  Drone  
  35  3:02  Drone  
  35  3:04  Drone, Hatchery  
  36  3:07  Drone  
  36  3:08  Drone  
  36  3:10  Drone  
  40  3:12  Drone  
  40  3:17  Overlord  
  40  3:20  Drone  
  40  3:24  Overlord  
  40  3:26  Drone  
  42  3:27  Drone  
  42  3:32  Zergling x2  
  43  3:36  Zergling x2  
  43  3:38  Drone x2  
  43  3:40  Drone x2  
  48  3:43  Drone  
  49  3:49  Queen  
  49  3:52  Queen  
  52  3:59  Zergling x6  
  54  4:03  Zergling x6  
  57  4:11  Drone x2  
  57  4:16  Drone  
  60  4:18  Queen  
  60  4:22  Drone  
  60  4:23  Drone x2  
  60  4:24  Drone  
  66  4:27  Overlord  
  66  4:31  Evolution Chamber x2  
  64  4:39  Drone x2  
  64  4:46  Drone  
  64  4:47  Drone x5  
  64  4:49  Drone x3  
  72  4:58  Drone x4  
  74  5:02  Overlord x2  
  74  5:05  Zerg Missile Weapons Level 1, Zerg Ground Armor Level 1  
  74  5:06  Overlord  
  74  5:11  Overlord  
  74  5:14  Extractor  
  74  5:15  Extractor  
  74  5:17  Overlord  
  72  5:21  Zergling x4  
  72  5:22  Zergling x4  
  72  5:23  Drone x3  
  72  5:24  Spore Crawler  
  72  5:26  Spore Crawler  
  74  5:33  Queen, Spore Crawler  
  74  5:35  Drone x3  
  73  5:41  Drone x3  
  73  5:42  Drone  
  76  5:44  Drone  
  76  5:47  Drone x2  
  76  5:49  Drone  
  76  5:50  Drone  
  76  5:52  Drone  
  76  5:54  Drone  
  76  5:56  Drone x2  
  81  6:00  Lair  
  81  6:02  Drone x2  
  83  6:04  Drone  
  83  6:08  Drone  
  83  6:09  Drone  
  84  6:16  Drone x4  
  84  6:18  Drone, Extractor  
  86  6:19  Drone x2  
  86  6:20  Extractor  
  86  6:21  Drone  
  86  6:23  Drone x2  
  86  6:25  Extractor  
  90  6:26  Drone  
  90  6:27  Drone, Roach Warren  
  90  6:30  Drone x2  
  92  6:41  Drone  
  91  6:50  Overlord  
  91  6:52  Overlord x2  
  91  6:53  Overlord, Hatchery  
  90  7:00  Infestation Pit  
  89  7:01  Zerg Missile Weapons Level 2, Zerg Ground Armor Level 2  
  89  7:06  Roach x3  
  89  7:07  Roach, Glial Reconstitution  
  97  7:10  Roach  
  97  7:13  Roach  
  97  7:14  Roach  
  103  7:16  Roach x2  
  103  7:21  Roach x2  
  111  7:24  Roach x2  
  111  7:26  Roach  
  111  7:27  Roach  
  119  7:34  Roach x4  
  119  7:35  Overseer  
  127  7:38  Ravager  
  127  7:39  Ravager  
  119  7:55  Roach x5  
  119  7:56  Drone x3, Roach x4  
  130  7:59  Drone  
  130  8:02  Spore Crawler  
  130  8:08  Roach x3  
  132  8:14  Roach x5  
  132  8:16  Overlord  
  132  8:18  Pathogen Glands  
  142  8:21  Overlord  
  142  8:26  Extractor  
  141  8:27  Extractor  
  141  8:32  Drone  
  141  8:33  Overlord  
  141  8:34  Overlord  
  141  8:36  Drone x5  
  141  8:38  Drone  
  141  8:39  Infestor  
  141  8:40  Infestor  
  151  8:54  Infestor x2  
  155  9:02  Ravager x2  
  157  9:11  Burrow  
  157  9:16  Roach x5  
  167  9:18  Hatchery  
  167  9:19  Overlord  
  167  9:20  Overlord x2  
  167  9:21  Spore Crawler  
  167  9:22  Ravager  
  164  9:34  Hive  
  164  9:36  Overlord, Spire  
  164  9:37  Overlord x2, Roach  
  164  9:38  Roach x2  
  169  9:42  Roach x3  
  173  9:58  Roach x9  
  177  10:05  Infestor  
  177  10:06  Infestor  
  181  10:10  Drone x3  
  184  10:33  Roach x8  
  200  10:43  Spore Crawler  
  200  10:45  Spore Crawler  
  200  10:48  Roach x46  
  200  10:49  Drone x5  
  200  10:53  Zerg Missile Weapons Level 3, Zerg Ground Armor Level 3  
  200  10:54  Greater Spire  
  200  11:06  Spore Crawler  
  200  11:07  Spore Crawler x2  
  197  11:15  Spore Crawler  
  196  11:22  Spore Crawler x3  
  179  11:27  Corruptor x6  
  195  11:33  Ravager  
  195  11:34  Ravager  
  195  11:35  Ravager x2  
  199  11:46  Overlord x2  
  196  12:06  Brood Lord x2  
  196  12:07  Brood Lord  
  199  12:18  Brood Lord x3  
  199  12:20  Ravager  
  194  12:24  Ravager  
  194  12:26  Zerg Flyer Armor Level 1  
  183  12:38  Drone  
  184  12:46  Hatchery  
  184  12:49  Corruptor  
  184  12:50  Corruptor x2  
  187  12:54  Drone x6  
  193  13:01  Ravager x3  
  196  13:08  Hatchery  
  196  13:11  Hatchery  
  194  13:14  Viper  
  194  13:18  Spore Crawler  
  190  13:40  Spore Crawler  
  183  13:54  Roach x8  
  197  13:58  Drone  
  197  13:59  Drone x2  
  200  14:03  Zerg Melee Weapons Level 1  
  198  14:26  Drone x2  
  198  14:27  Extractor  
  198  14:30  Brood Lord, Extractor  
  200  14:39  Spore Crawler x3  
  200  14:40  Spore Crawler  
  196  14:47  Tunneling Claws  
  196  14:48  Spore Crawler  
  196  14:49  Spore Crawler x3  
  192  14:59  Spore Crawler  
  191  15:01  Viper  
  191  15:02  Viper  
  195  15:10  Infestor x2  
  195  15:13  Overseer  
  175  15:22  Spore Crawler x2  
  175  15:25  Brood Lord x2  
  177  15:29  Roach x2  
  177  15:30  Roach, Corruptor x3  
  177  15:31  Corruptor  
  190  15:47  Spire  
  181  15:57  Infestor x2  
  181  15:59  Spore Crawler  
  182  16:07  Drone  
  182  16:08  Drone x8  
  191  16:15  Drone x6  
  197  16:21  Drone  
  197  16:23  Spore Crawler  
  197  16:24  Spore Crawler  
  196  16:26  Spore Crawler  
  196  16:28  Zerg Melee Weapons Level 2  
  195  16:36  Drone x5  
  190  17:02  Greater Spire  
  184  17:09  Infestor x2  
  184  17:10  Infestor  
  184  17:13  Queen x3  
  193  17:18  Infestor x3  
  197  17:40  Drone x3  
  196  17:56  Hatchery  
  196  17:58  Pneumatized Carapace  
  195  17:59  Overseer x2  
  195  18:01  Drone  
  195  18:02  Drone  
  197  18:24  Spore Crawler  
  190  18:32  Corruptor  
  190  18:33  Corruptor x5  
  200  18:43  Zerg Flyer Armor Level 2  
  200  18:48  Zerg Melee Weapons Level 3  
  200  18:50  Extractor x2  
  188  19:25  Spore Crawler  
  188  19:26  Spore Crawler  
  188  19:27  Spore Crawler  
  188  19:28  Spore Crawler  
  165  19:33  Corruptor x5  
  165  19:34  Roach Warren, Corruptor  
  176  19:42  Viper x4  
  176  19:43  Viper  
  191  19:45  Brood Lord  
  191  19:46  Brood Lord  
  191  19:52  Drone x4  
  199  19:53  Drone  
  200  20:05  Spore Crawler  
  199  20:07  Spore Crawler x2  
  199  20:08  Spore Crawler  
  196  20:15  Queen x2  
  200  20:24  Spore Crawler  
  193  20:30  Spore Crawler x3  
  180  20:52  Ravager x2, Roach  
  180  20:53  Roach x3  
  190  20:58  Brood Lord  
  190  21:02  Zerg Flyer Armor Level 3  
  192  21:06  Neural Parasite  
  192  21:12  Spore Crawler  
  191  21:29  Ravager x2  
  191  21:30  Queen x3  
  199  21:45  Spore Crawler x3  
  194  22:25  Drone x6  
  193  23:14  Infestor x3  
  147  23:50  Infestor x3  
  147  23:52  Roach x7  
  167  23:56  Roach x13  
  167  24:01  Brood Lord  
  195  24:06  Drone x5  
  195  24:09  Overseer  
  200  24:11  Overseer x2  
  200  24:13  Zerg Flyer Weapons Level 1  
  192  25:00  Roach  
  192  25:01  Roach x3  
  188  25:43  Corruptor x2  
  188  25:44  Corruptor  
  188  25:47  Hatchery  
  175  26:14  Roach  
  175  26:15  Roach x8  
  175  26:26  Ravager x4  
  175  26:27  Corruptor x3  
  175  26:29  Queen x3  
  191  26:33  Roach x4  
  196  27:14  Brood Lord  
  184  27:23  Roach  
  184  27:24  Roach x10  
  184  27:29  Roach x2  
  200  27:30  Roach  
  196  27:40  Queen x2  
  195  27:48  Roach x4  
  199  27:56  Roach  
  199  27:57  Roach x3  
Show
View Real Time Build Order
Export as new Build Order

Kelazhur Terran 

Build Orders: Hellion Banshee, MMM Bio 

Get SALT Encoding   

  12  0:00  SCV  
  13  0:12  SCV  
  14  0:17  Supply Depot  
  14  0:24  SCV  
  15  0:38  SCV  
  15  0:40  Barracks  
  16  0:43  Refinery  
  16  0:50  SCV  
  17  1:02  SCV  
  18  1:15  SCV  
  19  1:26  Marine  
  19  1:27  Orbital Command  
  20  1:39  Command Center  
  20  1:44  Marine  
  21  1:52  SCV  
  22  1:57  Factory  
  22  2:02  Barracks Reactor  
  22  2:07  Supply Depot  
  22  2:09  SCV  
  22  2:15  Refinery  
  23  2:29  SCV  
  24  2:41  SCV  
  24  2:42  Starport  
  25  2:47  Hellion x2  
  29  2:52  Orbital Command  
  29  2:53  SCV  
  29  2:54  Barracks Tech Lab  
  30  3:05  SCV  
  31  3:09  Hellion x2  
  35  3:17  SCV  
  35  3:19  SCV  
  37  3:25  Raven  
  39  3:30  SCV  
  39  3:33  SCV  
  41  3:37  Hellion x2  
  41  3:39  Cloaking Field  
  45  3:42  SCV  
  46  3:49  Supply Depot  
  46  3:52  Supply Depot  
  46  3:57  SCV x2  
  46  4:01  Marine  
  46  4:10  Banshee, SCV x2  
  46  4:17  Command Center  
  50  4:27  Barracks Tech Lab  
  50  4:33  Barracks  
  50  4:34  Barracks  
  50  4:37  SCV x2  
  52  4:41  Factory Reactor  
  52  4:46  Engineering Bay, Marine  
  52  4:49  Engineering Bay, SCV  
  54  4:58  SCV, Stimpack, Banshee  
  58  5:01  SCV  
  58  5:04  Marine  
  60  5:10  SCV  
  60  5:12  Refinery  
  60  5:13  Refinery, SCV  
  62  5:23  Supply Depot  
  62  5:25  Factory Reactor  
  62  5:28  Marine x2, SCV x2  
  66  5:35  Marine x2  
  68  5:36  Marine  
  68  5:37  Terran Infantry Armor Level 1, Terran Infantry Weapons Level 1  
  68  5:40  SCV x2, Orbital Command  
  71  5:51  Marine  
  71  5:52  Marine, SCV x2  
  71  5:53  Marine  
  76  6:00  Barracks  
  76  6:02  Barracks  
  76  6:03  Supply Depot  
  76  6:04  SCV x2  
  76  6:05  Marine x2, Orbital Command  
  81  6:12  Marine x2  
  81  6:16  SCV  
  81  6:17  SCV  
  84  6:21  Marine  
  84  6:25  Marine  
  86  6:27  Supply Depot  
  86  6:28  Supply Depot, Marine  
  86  6:29  Supply Depot, SCV x2  
  86  6:31  Medivac  
  91  6:34  Medivac  
  91  6:36  Marine  
  91  6:37  Marine  
  95  6:41  SCV x2  
  95  6:43  Supply Depot  
  95  6:45  SCV  
  95  6:46  Marine x2  
  100  6:48  Barracks Reactor  
  100  6:49  Barracks Reactor  
  100  6:53  Armory  
  100  6:55  SCV x2  
  100  6:58  Marine  
  100  6:59  Marine x2  
  105  7:01  SCV  
  105  7:06  Supply Depot  
  106  7:09  Marine x2  
  106  7:10  SCV x2  
  106  7:11  Combat Shields  
  106  7:13  SCV  
  111  7:17  Siege Tank  
  111  7:22  Marine x3  
  117  7:24  Refinery  
  117  7:26  Marine x3  
  117  7:27  Supply Depot, Marine  
  117  7:29  Supply Depot  
  121  7:35  Marine x2  
  123  7:39  Marine  
  123  7:40  Marauder, Marine  
  123  7:43  Marine  
  123  7:52  Medivac x2  
  123  7:53  Terran Infantry Weapons Level 2  
  123  7:54  Marine x5  
  112  7:59  SCV  
  112  8:00  Siege Tank  
  114  8:10  Marauder, Marine x3  
  114  8:11  Marine  
  114  8:12  Marine x2  
  122  8:14  Marine x2  
  122  8:15  Terran Infantry Armor Level 2  
  124  8:22  Barracks  
  124  8:23  Barracks  
  124  8:28  Marine x2  
  124  8:30  Barracks  
  124  8:32  Marauder, Siege Tank  
  131  8:34  Medivac x2  
  131  8:36  Marine x5  
  131  8:37  Marine  
  141  8:42  Terran Vehicle Weapons Level 1  
  141  8:44  Concussive Shells  
  141  8:46  Marine  
  142  8:50  Supply Depot x2  
  142  8:51  Marine  
  142  8:53  Marauder  
  142  8:54  Marine  
  146  8:59  Marine  
  146  9:00  Marine  
  146  9:02  Marine  
  149  9:04  Siege Tank  
  152  9:11  Marine x3  
  152  9:13  Barracks Tech Lab x2  
  152  9:14  Marauder  
  157  9:19  Marine  
  157  9:21  Marine, Barracks Tech Lab  
  157  9:22  Marine x3  
  161  9:28  Marine  
  161  9:30  Marine  
  161  9:33  Supply Depot  
  161  9:35  Medivac x2  
  161  9:36  Marauder, Siege Tank  
  161  9:38  Marauder, Command Center  
  172  9:45  Supply Depot  
  172  9:46  Supply Depot  
  172  9:51  Marauder  
  168  9:54  Marauder  
  168  9:57  Marauder  
  168  9:59  Marauder, Marine x8  
  155  10:05  Medivac  
  153  10:09  Siege Tank  
  153  10:13  Marauder  
  158  10:14  Terran Infantry Weapons Level 3  
  158  10:15  Marauder  
  158  10:16  Marine  
  158  10:17  Marine  
  162  10:23  Marauder  
  162  10:28  Marauder, Marine  
  166  10:32  Marine x3  
  166  10:34  Marauder  
  172  10:38  Marine  
  175  10:45  Marauder  
  178  10:50  Marauder  
  178  10:52  Siege Tank  
  178  10:53  Marine x2  
  181  10:57  Terran Infantry Armor Level 3  
  181  11:03  Marauder  
  183  11:09  Marauder, Marine  
  183  11:10  Planetary Fortress  
  186  11:12  Marine x3  
  186  11:13  Marauder  
  186  11:14  Marine  
  192  11:19  Marauder  
  193  11:27  Marauder, Marine  
  193  11:28  Marine x3  
  193  11:30  Marine x3  
  187  11:38  Marauder  
  189  11:42  Marauder, Marine  
  192  11:50  Marine  
  192  11:51  Marauder x2  
  190  12:06  Marauder  
  190  12:14  Marauder, Marine x5  
  190  12:15  Marine  
  195  12:16  Marine  
  195  12:19  Starport x2  
  192  12:24  Marauder  
  193  12:34  Siege Tank  
  193  12:36  Marauder, Marine x6  
  199  12:42  Viking, Marauder  
  199  12:43  Viking  
  189  12:54  Refinery, Command Center  
  189  12:56  Marauder x2  
  193  13:12  Medivac x2  
  193  13:15  Viking  
  199  13:22  Terran Ship Weapons Level 1  
  195  13:37  Medivac  
  190  13:42  Medivac, Marauder  
  190  13:48  Marauder x2, Marine x6  
  180  13:49  Marine x3  
  154  14:06  Medivac x3, Marauder  
  154  14:07  Marauder, Marine  
  154  14:08  Marine x3  
  161  14:11  Marine x2  
  161  14:12  Medivac, Marauder, Marine x3  
  162  14:21  Missile Turret  
  162  14:22  Missile Turret  
  155  14:25  Marine x4  
  155  14:26  Marine  
  155  14:27  Missile Turret  
  155  14:28  Marauder  
  155  14:29  Marine x4  
  155  14:30  Marauder  
  168  14:36  Viking x3, Missile Turret x2  
  174  14:40  Marauder  
  174  14:42  Viking  
  174  14:43  Marine x2  
  180  14:48  Planetary Fortress  
  180  14:59  Marauder x2, Marine x6  
  188  15:06  Viking  
  190  15:12  Marauder x2, Marine x2  
  185  15:16  Marine  
  185  15:17  Marine x5  
  191  15:23  Marauder  
  193  15:32  Marauder, Marine x2  
  193  15:33  Marauder, Marine  
  197  15:48  Marauder, Marine  
  185  15:51  Marauder  
  185  15:53  Viking x2  
  182  15:57  Viking x2  
  182  15:58  Marine x8  
  194  16:04  Terran Ship Weapons Level 2  
  194  16:05  Marauder  
  194  16:06  Marine  
  194  16:09  Marine  
  196  16:13  Marauder  
  198  16:21  Marauder  
  193  16:54  Marauder  
  193  16:56  Marauder  
  193  16:57  Marine  
  181  17:05  Marine  
  181  17:06  Viking x3, Marauder  
  181  17:07  Marine  
  181  17:08  Viking, Marine  
  167  17:19  Marauder, Marine  
  164  17:22  Marine  
  164  17:23  Marine x4  
  164  17:31  Marine  
  164  17:35  Ghost Academy, Marauder  
  164  17:36  Viking x3  
  172  17:38  Viking, Marauder, Marine  
  172  17:39  Marine  
  172  17:40  Marine  
  179  17:45  Marauder  
  181  17:52  Marine x5  
  181  17:53  Marine  
  181  17:57  Marauder  
  189  17:59  Marauder  
  189  18:02  Marauder, Marine  
  194  18:06  Viking, Medivac x2  
  194  18:07  Orbital Command  
  192  18:32  Marine x5  
  192  18:33  Marauder x2, Marine  
  193  18:35  Viking  
  193  18:36  Viking x3  
  193  18:37  Marine x2  
  199  18:45  Refinery, Marine  
  199  18:46  Marauder  
  199  18:49  Refinery  
  199  18:57  Marine  
  188  19:27  Marauder x2, Marine  
  188  19:28  Viking x2  
  188  19:31  Marauder, Marine x8  
  183  19:34  Medivac x2  
  194  19:45  Personal Cloaking, Marine  
  195  19:48  Marine  
  195  19:49  Ghost, Marauder  
  200  20:01  Command Center  
  200  20:08  Terran Ship Weapons Level 3  
  200  20:11  Command Center  
  200  20:23  Unknown x4  
  200  20:28  Unknown x4  
  200  20:35  Marine  
  194  20:36  Marauder  
  193  20:49  Viking  
  188  20:50  Viking x3  
  188  20:54  Marine  
  188  20:55  Marine  
  194  21:03  Refinery  
  194  21:04  Refinery  
  194  21:07  Refinery  
  194  21:08  Refinery  
  194  21:12  Missile Turret  
  192  21:19  Medivac  
  192  21:20  Planetary Fortress  
  194  21:25  Viking  
  176  21:40  Marine  
  176  21:41  Viking, Marauder x2, Marine x6  
  176  21:43  Marine x3  
  192  21:53  Viking x2  
  196  21:55  Viking  
  196  21:58  Marine x5  
  200  22:20  Marauder  
  200  22:21  Marine  
  200  22:22  Marine  
  200  22:27  Missile Turret  
  200  22:28  Command Center  
  198  22:31  Medivac  
  200  22:57  Marine  
  200  22:58  Marauder x2, Marine  
  199  22:59  Ghost, Marine  
  199  23:04  Medivac  
  199  23:05  Marine  
  199  23:14  Marauder  
  199  23:15  Marine  
  199  23:17  Marine  
  199  23:18  Medivac x2  
  141  23:50  Medivac x4, Marauder x2  
  141  23:52  Marine  
  141  23:53  Marauder, Marine x8  
  156  24:10  Marine x2, Planetary Fortress  
  156  24:11  Barracks, Marine  
  156  24:12  Marauder, Marine  
  156  24:13  Barracks  
  156  24:15  Barracks  
  156  24:16  Marauder, Marine x6  
  170  24:20  Medivac  
  170  24:21  Terran Vehicle And Ship Armor Level 1  
  172  24:27  Marine  
  172  24:28  Marine  
  172  24:29  Marauder, Marine  
  175  24:33  Marine  
  175  24:34  Marine  
  175  24:37  Marauder  
  178  24:47  Marauder  
  178  24:48  Viking  
  178  24:49  Viking x2  
  178  24:50  Viking, Marauder  
  165  25:03  Marauder  
  165  25:05  Planetary Fortress  
  165  25:06  Marine x2  
  165  25:07  Marine  
  165  25:16  Marauder  
  165  25:18  Viking  
  165  25:19  Viking x2  
  165  25:20  Viking, Marauder  
  171  25:21  Marine  
  171  25:22  Marauder  
  170  25:31  Marine  
  170  25:32  Marine  
  170  25:35  Marauder, Marine  
  156  25:36  Marine  
  156  25:41  Marine  
  156  25:42  Marauder, Marine x5  
  158  25:48  Viking x2  
  158  25:49  Viking, Marine x2  
  162  25:50  Viking  
  162  25:52  Marine  
  162  25:54  Marine  
  162  25:56  Marine  
  167  25:59  Marine x2  
  167  26:00  Marine x4  
  167  26:03  Marine  
  165  26:07  Marine x2  
  165  26:10  Marine  
  149  26:12  Marine  
  149  26:14  Marauder  
  149  26:16  Refinery x2  
  149  26:17  Marine x3  
  149  26:18  Viking x2, Marine x3  
  144  26:19  Viking  
  144  26:20  Viking, Marine  
  144  26:25  Marine x2  
  134  26:28  Marine  
  134  26:29  Marine  
  126  26:34  SCV  
  126  26:35  Marine x6  
  126  26:46  SCV  
  122  26:47  Marine  
  122  26:48  Viking x3  
  122  26:49  Marine  
  122  26:51  Viking  
  119  27:09  Marine x2  
  119  27:14  Marine, SCV  
  119  27:18  Viking  
  119  27:21  Marine x2  
  119  27:27  Marine  
  120  27:33  Viking  
  120  27:36  Marine  
  121  27:50  Marine  
  121  27:51  Marine  
  124  27:54  Marine  
Tags
 
Add a new tag
Caveats
  • Supply blocks, unpowered buildings, or Contaminate may cause inaccurate times.
  • Supply counts are checked every 10 seconds.